 Dungeon Crawl Stone Soup version 0.31-a0-963-ga325b2283a (webtiles) character file.

Game seed: 12102304378721532603

762 Arcadio the Grave Robber (level 7, -6/59 HPs)
             Began as a Ghoul Necromancer on Oct 24, 2023.
             Was a Believer of Qazlal.
             Killed by divine providence
             ... invoked by an orc priest
              (15 damage)
             ... on level 6 of the Dungeon.
             The game lasted 00:13:06 (5601 turns).

Arcadio the Grave Robber (Ghoul Necromancer)        Turns: 5601, Time: 00:13:06

Health: -6/59      AC:  6    Str: 12    XL:     7   Next: 81%
Magic:  1/9        EV:  9    Int: 12    God:    Qazlal [**....]
Gold:   194        SH:  3    Dex:  9    Spells: 7/11 levels left

rFire   . .          .
                       - Unarmed
rCold   + . .        (no shield)
rNeg    + + +        w - +0 scale mail
rPois   ∞            (no helmet)
rElec   .            (no cloak)
rCorr   +            (no gloves)
SInv    .            (no boots)
Will    .....        (no amulet) Stlth
                     f - ring of resist corrosion
HPRegen 0.00/turn    (no ring)
MPRegen 0.11/turn

%: no passive effects
@: very slightly contaminated, inhibited regen
A: claws 1, cold resistance 1, negative energy resistance 3, inhibited
regeneration, torment resistance 2, devour on kill
a: Renounce Religion, Upheaval


You were on level 6 of the Dungeon.
You worshipped Qazlal.
Qazlal was pleased with you.
You visited 1 branch of the dungeon, and saw 6 of its levels.

You collected 254 gold pieces.
You spent 60 gold pieces at shops.

Inventory:

Armour
 a - a +0 robe
 w - a +0 scale mail (worn)
Jewellery
 f - a ring of resist corrosion (left claw)
 o - a ring of protection from fire
 t - a +6 ring of dexterity
Wands
 i - a wand of flame (10)
Scrolls
 d - 3 scrolls of noise
 g - 2 scrolls of amnesia {unknown}
 h - 2 scrolls of enchant armour
 n - 2 scrolls of teleportation {unknown}
 s - a scroll of blinking {unknown}
 u - 2 scrolls of fear {unknown}
 v - a scroll of summoning {unknown}
 y - 2 scrolls of immolation {unknown}
Potions
 b - a potion of magic
 c - a potion of berserk rage {unknown}
 j - a potion of enlightenment {unknown}
 k - a potion of degeneration {unknown}
 l - 2 potions of mutation
 m - a potion of attraction
 p - 2 potions of heal wounds {unknown}
 q - 2 potions of resistance


   Skills:
 + Level 4.2 Fighting
 + Level 2.2 Armour
 - Level 4.0 Dodging
 - Level 2.1 Stealth
 + Level 4.2 Unarmed Combat
 - Level 2.6 Spellcasting
 - Level 4.7 Necromancy


You had 7 spell levels left.
You knew the following spells:

 Your Spells              Type           Power      Damage    Failure   Level
a - Necrotise             Necr           48%        1d6       19%         1
b - Vampiric Draining     Necr           12%        2d6       50%         3

Your spell library contained the following spells:

 Spells                   Type           Power      Damage    Failure   Level
 Kiss of Death            Conj/Necr      28%        2d7       45%         1
 Animate Dead             Necr           12%        N/A       88%         4
 Dispel Undead            Necr           12%        3d9       88%         4
 Confusing Touch          Hex            1%         N/A       99%         3
 Tukima's Dance           Hex            1%         N/A       99%         3
 Agony                    Necr           12%        N/A       99%         5
 Passage of Golubria      Tloc           1%         N/A       100%        4
 Yara's Violent Unravell  Hex/Tmut       0%         3d3       100%        5


Dungeon Overview and Level Annotations

Branches:
Dungeon (6/15) Zot: 26986
 Temple: D:4-7

Altars:
Ashenzari
Qazlal
Yredelemnul

Shops:
D:3 ?   D:6 (


Innate Abilities, Weirdness & Mutations

You are immune to poison.
You have sharp fingernails.
Your flesh is cold resistant. (rC+)
You are immune to negative energy. (rN+++)
You do not regenerate when monsters are visible.
You are immune to unholy pain and torment.
You thrive by killing the living.


Message History

Things that are here:
a +0 flail; a gnoll corpse An orc priest comes into view.
It is wielding a +0 flail.
You scratch the orc wizard.
The orc wizard is lightly wounded.
You block the orc wizard's attack.
The orc priest mumbles some strange prayers to Beogh against you.
Beogh smites you!
* * * LOW HITPOINT WARNING * * *
Casting: Vampiric Draining (quite dangerous; 50% risk of failure)
Confirm with . or Enter, or press ? or * to list all spells.
Aiming: Vampiric Draining (quite dangerous; 50% risk of failure)
Press: ? - help, Shift-Dir - straight line, f - orc wizard
Aim: an orc wizard, wielding a +0 dagger and wearing a +0 robe (lightly wounded)
You miscast Vampiric Draining.
You are very lightly contaminated with residual magic.
Nothing appears to happen.
The orc wizard mumbles some strange words.
The orc wizard flickers and vanishes!
Deactivating autopickup; reactivate with Ctrl-A.
The orc attacks as it pursues you! The orc hits you with a +0 flail.
* * * LOW HITPOINT WARNING * * *
The orc priest hits you with a +0 flail.
* * * LOW HITPOINT WARNING * * *
Something hits you but does no damage.
The orc priest hits you with a +0 flail.
* * * LOW HITPOINT WARNING * * *
The orc priest barely misses you.
Casting: Vampiric Draining (quite dangerous; 50% risk of failure)
Confirm with . or Enter, or press ? or * to list all spells.
Aiming: Vampiric Draining (quite dangerous; 50% risk of failure)
Press: ? - help, Shift-Dir - straight line, f - orc
Aim: an orc, wielding a +0 flail and wearing a +0 leather armour You draw life force from the orc!
You kill the orc!
Qazlal accepts your kill.
You feel life coursing into your body.
The orc priest invokes the aid of Beogh against you.
Beogh smites you!
You die...

..... ..... ....
#### ####... .!
##...# ##.#..# #..
.#..†..##oo#..##...
..)....@.○........#
#...∩..†##°.......#
#.............##.##
##.....#...)....##
##...##...<.....#
##............##
######...##.##
##..# ## ####


You could see an orc priest and an orc.

Vanquished Creatures
  An ice beast (D:4)
  2 necrophages (D:4)
  A scorpion (D:3)
  2 hounds (D:5)
  An orc priest (D:3)
  A human zombie (D:4)
  An iguana (D:5)
  2 hound zombies (D:4)
  4 mummies (D:4)
  8 gnolls
  6 adders
  2 adder zombies (D:4)
  6 worms
  5 dart slugs
  10 orcs
  5 bats
  3 endoplasms
  5 giant cockroaches
  7 goblins
  5 hobgoblins
  A jackal (D:2)
  3 quokkas
  6 ball pythons
  8 frilled lizards
  A jackal zombie (D:4)
  5 kobolds
  8 rats
109 creatures vanquished.

Vanquished Creatures (collateral kills)
  A ball python (D:3)
  2 goblins
  A quokka (D:3)
  2 rats
6 creatures vanquished.

Grand Total: 115 creatures vanquished

Notes
Turn   | Place    | Note
-------+----------+-------------------------------------------
     0 | D:1      | Arcadio the Ghoul Necromancer began the quest for the Orb.
     0 | D:1      | Reached XP level 1. HP: 14/14 MP: 2/2
   222 | D:1      | Reached XP level 2. HP: 20/20 MP: 1/3
   527 | D:1      | Reached XP level 3. HP: 26/26 MP: 1/5
   531 | D:1      | Learned a level 3 spell: Vampiric Draining
  1483 | D:2      | Found a faded altar of an unknown god.
  1496 | D:2      | Prayed at the altar of an unknown god.
  1496 | D:2      | Became a worshipper of Qazlal Stormbringer
  1496 | D:2      | Reached * piety under Qazlal
  1603 | D:2      | Reached XP level 4. HP: 6/33 MP: 0/6
  2467 | D:3      | Reached ** piety under Qazlal
  2478 | D:3      | Reached XP level 5. HP: 28/39 MP: 2/7
  2675 | D:3      | Reached skill level 1 in Fighting
  2675 | D:3      | Reached skill level 1 in Unarmed Combat
  2707 | D:3      | Found a broken altar of Ashenzari.
  2753 | D:3      | Found Obloud's Magic Scroll Shop.
  2780 | D:3      | Bought a scroll of identify for 20 gold pieces
  2782 | D:3      | Bought a scroll of identify for 20 gold pieces
  2783 | D:3      | Bought a scroll of identify for 20 gold pieces
  3690 | D:4      | Noticed an ice beast
  3699 | D:4      | Killed an ice beast
  3700 | D:4      | Reached XP level 6. HP: 48/48 MP: 4/8
  4807 | D:4      | Found a basalt altar of Yredelemnul.
  4825 | D:4      | Reached XP level 7. HP: 51/57 MP: 9/9
  4865 | D:4      | Reached skill level 1 in Armour
  5228 | D:5      | Entered Level 5 of the Dungeon
  5588 | D:6      | Found Cobecwan's Weapon Shoppe.
  5601 | D:6      | Killed from afar by an orc priest

Illustrated notes

Levels and vault maps discovered:
D:1:      matt_arrival_diagonals, layout_basic, serial_forest,
          infiniplex_forest_clump_double, infiniplex_forest_clump_diagonal,
          infiniplex_forest_end_1, infiniplex_forest_clump_medium,
          minmay_shallow_snake_nest
D:2:      layout_basic, ebering_ecumenical_altar_webs, corner_web_ring,
          minmay_vboxes
D:3:      minmay_chambers_of_threes, layout_loops_ring,
          mainiacjoe_overflow_tiny_flanked, serial_shops, shop,
          hangedman_glass_teeth
D:4:      layout_rooms, lemuel_mausoleum_altar_yredelemnul
D:5:      layout_loops_cross, nicolae_kite_square_tiling_tiny,
          uniq_blork_the_orc
D:6:      layout_cave_pools, mainiacjoe_overflow_catwalk,
          chequers_temple_overflow_statue_of_worship, temple_doors_cd,
          serial_shops, nicolae_shop_bloodbath_and_beyond, gup_sewer_entry_pipe

Skill      XL: |  1  2  3  4  5  6  7 |
---------------+----------------------+-----
Dodging        | 2 3 4 |  4.0
Spellcasting   | 2 |  2.6
Fighting       | 2 3 4 |  4.2
Unarmed Combat | 2 3 4 |  4.2
Armour         | 2 |  2.2
Stealth        | |  2.1
Necromancy     | |  4.7

Action                     |  1- 3 |  4- 6 |  7- 9 || total
---------------------------+-------+-------+-------++-------
  Melee: Unarmed           |    44 |   273 |   106 ||   423
         Punch             |     1 |     5 |     4 ||    10
   Cast: Necrotise         |    60 |    33 |       ||    93
         Vampiric Draining |       |     7 |     1 ||     8
 Invoke: Upheaval          |       |     1 |     1 ||     2
  Evoke: Wand              |       |     5 |       ||     5
    Use: Scroll            |       |     4 |     3 ||     7
         Potion            |       |     1 |     1 ||     2
 Armour: Robe              |    37 |   126 |       ||   163
         Scale mail        |       |    17 |    66 ||    83
  Dodge: Dodged            |    20 |   158 |    35 ||   213
  Block: Other             |     1 |    19 |    10 ||    30

Table legend: (Time is in decaauts)
 A = Elapsed time spent in this place.
 B = Non-inter-level travel time spent in this place.
 C = Inter-level travel time spent in this place.
 D = Time resting spent in this place.
 E = Time spent auto-exploring this place.
 F = Levels seen in this place.
 G = Mean time per level.
                   A        B        C        D        E       F      G
               +--------+--------+--------+--------+--------+-----+--------+
         Total |   5597 |   5527 |     70 |    880 |   3610 |   6 |  932.8 |
       Dungeon |   5597 |   5527 |     70 |    880 |   3610 |   6 |  932.8 |
               +--------+--------+--------+--------+--------+-----+--------+

Top non-repeatable levels by time:
     D:3: 1844 daAuts
     D:2: 1290 daAuts
     D:1: 1085 daAuts
     D:4: 1006 daAuts
     D:5: 357 daAuts
     D:6: 12 daAuts
